 Dungeon Crawl Stone Soup version 0.31-a0-978-g1e143483b6 (webtiles) character file.

Game seed: 12261942778479037008

228 MacCMillion the Ruffian (level 6, -6/42 HPs)
             Began as an Octopode Shapeshifter on Oct 30, 2023.
             Mangled by a gnoll
             ... wielding a +0 flail
              (11 damage)
             ... on level 5 of the Dungeon.
             The game lasted 00:03:37 (3540 turns).

MacCMillion the Ruffian (Octopode Shapeshifter)     Turns: 3540, Time: 00:03:38

Health: -6/42      AC:  1    Str: 15    XL:     6   Next: 2%
Magic:  6/6        EV: 28    Int: 12    God:
Gold:   239        SH:  0    Dex: 12    Spells: 5/5 levels left

rFire   . .          .
                       - Unarmed
rCold   . . .        (no shield)
rNeg    . . .        (helmet currently unavailable)
rPois   .            h - amulet of the acrobat
rElec   .            (no ring)
rCorr   .            (no ring)
SInv    .            (no ring)
Will    .....        (no ring)
Stlth   +++          (no ring)
HPRegen 0.27/turn    (no ring)
MPRegen 0.10/turn    (no ring)
                     (no ring)

%: acrobat
@: beast-form, acrobatic
A: beast (slay +1), almost no armour, amphibious, 8 rings, camouflage 1,
gelatinous body 1, (nimble swimmer 1), tentacles
a: Begin Untransformation


You were on level 5 of the Dungeon.
You were a hulking beast.
You visited 1 branch of the dungeon, and saw 5 of its levels.

You collected 239 gold pieces.

Inventory:

Jewellery
 h - an amulet of the acrobat (around mantle)
 m - a ring of wizardry
Talismans
 b - a beast talisman
 c - a flux talisman
 q - a maw talisman
Scrolls
 f - a scroll of blinking {unknown}
 i - a scroll of silence {unknown}
 k - 2 scrolls of teleportation {unknown}
 l - 8 scrolls of identify {unknown}
 n - a scroll of summoning {unknown}
 o - a scroll of enchant armour {unknown}
 p - a scroll of immolation {unknown}
 s - 2 scrolls of revelation {unknown}
 t - a scroll of amnesia {unknown}
 u - a scroll of vulnerability {unknown}
 v - a scroll of enchant weapon {unknown}
Potions
 a - a potion of lignification
 d - 2 potions of ambrosia {unknown}
 e - 2 potions of curing {unknown}
 g - 2 potions of might {unknown}
 j - 2 potions of haste {unknown}
 r - a potion of mutation {unknown}
 w - a potion of brilliance {unknown}
 x - a potion of attraction {unknown}


   Skills:
 + Level 3.4 Fighting
 - Level 2.0 Dodging
 - Level 4.0 Stealth
 + Level 4.5 Unarmed Combat
 - Level 3.0 Shapeshifting


You had 5 spell levels left.
You didn't know any spells.
Your spell library contained the following spells:

 Spells                   Type           Power      Damage    Failure   Level
 Poisonous Vapours        Pois/Air       0%         N/A       45%         2
 Mephitic Cloud           Conj/Pois/Air  0%         N/A       69%         3
 Freezing Cloud           Conj/Ice/Air   0%         6-21      100%        5


Dungeon Overview and Level Annotations

Branches:
Dungeon (5/15)
 Temple: D:4-7

Altars:
Kikubaaqudgha
Zin

Annotations:
D:4 exclusion: 2 doors, Menkaure


Innate Abilities, Weirdness & Mutations

You are a hulking beast.
Your limbs bulge with bestial killing power. (Slay +1)
You cannot wear most types of armour.
You are amphibious.
You can wear up to eight rings at the same time.
Your skin changes colour to match your surroundings (Stealth+).
Your rubbery body absorbs attacks. (AC +1, EV +1)
((You are camouflaged when in or above water. (Stealth+)))
You have tentacles for arms and can constrict up to eight enemies at once.


Message History

Found 91 gold pieces.
There are monsters nearby!
There are monsters nearby!
There are monsters nearby!
You close the large door.
Partly explored, can't reach some items and places.
Partly explored, can't reach some items and places.
Partly explored, can't reach some items and places.
Partly explored, can't reach some items and places.
There is a stone staircase leading down here.
You climb downwards.
There is a stone staircase leading up here.
You open the door.
There is an open door here. 2 orcs come into view.
Found 11 gold pieces.
The orc shouts!
You hear a shout! x2
An orc priest comes into view. It is wielding a +0 war axe.
A gnoll comes into view. It is wielding a +0 flail. x2
There are monsters nearby!
The gnoll shouts!
The orc priest shouts!
The orc priest casts a cantrip, but nothing happens.
The orc shouts!
The orc misses you.
You bludgeon the orc!
You kill the orc!
The orc priest invokes the aid of Beogh against you.
Beogh smites you!
A gnoll comes into view. It is wielding a +0 club.
You see here a +0 short sword.
You tentacle-slap the gnoll. Your grab misses the gnoll.
The gnoll is lightly wounded.
The gnoll hits you with a +0 flail! x2
* * * LOW HITPOINT WARNING * * *
The orc completely misses you.
The orc priest looks braver for a moment.
The gnoll misses you. The gnoll hits you with a +0 flail!
* * * LOW HITPOINT WARNING * * *
The gnoll attacks as it pursues you! The gnoll hits you with a +0 flail!
You die...

#.......$.....
+.............
#.............
#.............
#...).$......
#####oo...##
#...#g....#
#...#g....#
#...#h....#
#...'.....#
#..<#.....#
#####.....#
......#
......#
.......#
.......#
.....#


You could see an orc priest, 2 gnolls and an orc.

Vanquished Creatures
  A black bear (D:4)
  A jelly (D:4)
  3 adders (D:4)
  A worm (D:2)
  2 orcs
  4 bats (D:1)
  12 endoplasms
  2 giant cockroaches (D:1)
  8 goblins
  5 hobgoblins
  3 jackals (D:2)
  4 quokkas
  5 ball pythons
  2 frilled lizards
  6 kobolds
  8 rats
67 creatures vanquished.

Notes
Turn   | Place    | Note
-------+----------+-------------------------------------------
     0 | D:1      | MacCMillion the Octopode Shapeshifter began the quest for
                  | the Orb.
     0 | D:1      | Reached XP level 1. HP: 13/13 MP: 1/1
   194 | D:1      | Reached skill level 1 in Stealth
   226 | D:1      | Reached XP level 2. HP: 18/18 MP: 2/2
   585 | D:1      | Reached XP level 3. HP: 24/24 MP: 3/3
  1231 | D:1      | Found a faded altar of an unknown god.
  2163 | D:3      | Reached XP level 4. HP: 28/29 MP: 4/4
  2536 | D:3      | Found a glowing silver altar of Zin.
  2625 | D:4      | Noticed a black bear
  2630 | D:4      | Killed a black bear
  2631 | D:4      | Reached XP level 5. HP: 17/36 MP: 5/5
  3201 | D:4      | Reached XP level 6. HP: 39/42 MP: 6/6
  3339 | D:4      | Found an ancient bone altar of Kikubaaqudgha.
  3463 | D:4      | Noticed Menkaure
  3526 | D:5      | Entered Level 5 of the Dungeon
  3540 | D:5      | Mangled by a gnoll

Illustrated notes

Levels and vault maps discovered:
D:1:      tarquinn_simple_flora_water_d, layout_basic,
          dreamdust_ecumenical_altar_hidden_monk_grotto, minmay_box_of_dots
D:2:      layout_loops_cross
D:3:      layout_basic, nicolae_overflow_hidden_temple
D:4:      minmay_polygon_palace, layout_basic, kennysheep_mini_moat,
          roderic_filled_cross, uniq_menkaure
D:5:      layout_gridville

Skill      XL: |  1  2  3  4  5 |
---------------+----------------+-----
Stealth        | 1 2 3 4 |  4.0
Fighting       | 2 3 |  3.4
Unarmed Combat | 4 |  4.5
Dodging        | |  2.0
Shapeshifting  | |  3.0

Action                     |  1- 3 |  4- 6 || total
---------------------------+-------+-------++-------
  Melee: Unarmed           |    80 |    40 ||   120
         Tentacles         |    16 |    11 ||    27
         Constrict         |    14 |    12 ||    26
         Punch             |     2 |       ||     2
   Stab: Sleeping          |    12 |     4 ||    16
 Armour: Skin              |    19 |    16 ||    35
  Dodge: Dodged            |    32 |    30 ||    62

Table legend: (Time is in decaauts)
 A = Elapsed time spent in this place.
 B = Non-inter-level travel time spent in this place.
 C = Inter-level travel time spent in this place.
 D = Time resting spent in this place.
 E = Time spent auto-exploring this place.
 F = Levels seen in this place.
 G = Mean time per level.
                   A        B        C        D        E       F      G
               +--------+--------+--------+--------+--------+-----+--------+
         Total |   3532 |   3384 |    148 |    211 |   2692 |   5 |  706.4 |
       Dungeon |   3532 |   3384 |    148 |    211 |   2692 |   5 |  706.4 |
               +--------+--------+--------+--------+--------+-----+--------+

Top non-repeatable levels by time:
     D:1: 1324 daAuts
     D:4: 888 daAuts
     D:2: 722 daAuts
     D:3: 583 daAuts
     D:5: 13 daAuts
